 Dungeon Crawl Stone Soup version 0.25-a0-420-g1cc7eeb0d1 (webtiles) character file.

Game seed: 5711984400497357292, levelgen mode: deterministic

226 kae the Gusty (level 5, 0/38 HPs)
             Began as a Draconian Air Elementalist on Jan 18, 2020.
             Slain by an ogre
             ... wielding a +0 giant club
              (5 damage)
             ... on level 4 of the Dungeon.
             The game lasted 00:06:09 (4890 turns).

kae the Gusty (Draconian Air Elementalist)          Turns: 4890, Time: 00:06:09

Health: 0/38       AC:  5    Str: 11    XL:     5   Next: 69%
Magic:  4/9        EV: 12    Int: 16    God:
Gold:   112        SH:  0    Dex: 11    Spells: 0/10 levels left

rFire    . . .     SeeInvis .   p - -1 falchion (curse)
rCold    . . .     Gourm    .   (no shield)
rNeg     . . .     Faith    .   (armour unavailable)
rPois    .         Spirit   .   (helmet restricted)
rElec    .         Reflect  .   (no cloak)
rCorr    .         Harm     .   (no gloves)
MR       .....                  (no boots)
Stlth    ++........             (no amulet)
HPRegen  0.12/turn              (no ring)
MPRegen  0.11/turn              (no ring)

@: no status effects
A: unfitting armour, cold-blooded, AC +5
a: no special abilities


You were on level 4 of the Dungeon.
You were very hungry.

You visited 1 branch of the dungeon, and saw 4 of its levels.

You collected 112 gold pieces.

Inventory:

Hand Weapons
 p - a cursed -1 falchion (weapon)
Jewellery
 a - an uncursed ring of magical power {unknown}
 h - an uncursed ring of ice {unknown}
 j - an uncursed amulet of rage {unknown}
 s - an uncursed ring of ice {unknown}
 w - an uncursed ring of fire {unknown}
Scrolls
 c - 2 scrolls of teleportation {unknown}
 d - 2 scrolls of enchant weapon {unknown}
 f - 2 scrolls of amnesia {unknown}
 g - a scroll of remove curse {unknown}
 m - 4 scrolls of identify {unknown}
 u - a scroll of blinking {unknown}
 v - a scroll of magic mapping {unknown}
Potions
 e - a potion of agility {unknown}
 i - a potion of cancellation {unknown}
 k - a potion of mutation {unknown}
 l - a potion of ambrosia {unknown}
 n - 2 potions of magic {unknown}
 o - a potion of curing
 q - a potion of degeneration {unknown}
 r - a potion of haste {unknown}
 t - a potion of lignification {unknown}
Comestibles
 b - 8 rations


   Skills:
 - Level 1.7 Dodging
 - Level 1.7 Stealth
 + Level 3.2 Spellcasting
 + Level 2.8 Conjurations
 * Level 5.1 Air Magic


You couldn't memorise any spells.
You knew the following spells:

 Your Spells              Type           Power        Failure   Level  Hunger
a - Shock                 Conj/Air       ###.         3%          1    None
b - Static Discharge      Conj/Air       ###.....     11%         3    ###....
c - Swiftness             Chrm/Air       ##......     10%         2    ##.....
d - Airstrike             Air            ###.......   22%         4    ####...

Your spell library contained the following spells:

 Spells                   Type           Power        Failure   Level  Hunger
 Lightning Bolt           Conj/Air       ###.......   69%         5    ######.


Dungeon Overview and Level Annotations

Branches:
Dungeon (4/15)             Temple (0/1) D:4

Altars:

Shops:
D:4 [

Annotations:
D:3 3 runed translucent doors, whitenoisemaker's ghost, weakling DrTm
D:4 3 runed translucent doors, exclusion: ogre, Tux's ghost, novice GnWn


Innate Abilities, Weirdness & Mutations

Your plain brown scales are hard. (AC +5)
You cannot fit into any form of body armour.
You are cold-blooded and may be slowed by cold attacks.


Message History

The zap hits the ogre.
The ogre is moderately wounded.
The ogre misses you.
Casting: Shock (safe; 3% risk of failure)
Confirm with . or Enter, or press ? or * to list all spells.
Aiming: Shock (safe; 3% risk of failure)
Press: ? - help, Shift-Dir - straight line The zap hits the ogre.
The ogre is moderately wounded.
The ogre hits you with a +0 giant club!!
Ouch! That really hurt!
* * * LOW HITPOINT WARNING * * *
Casting: Shock (safe; 3% risk of failure)
Confirm with . or Enter, or press ? or * to list all spells.
Aiming: Shock (safe; 3% risk of failure)
Press: ? - help, Shift-Dir - straight line The zap hits the ogre.
The ogre is moderately wounded.
The ogre hits you with a +0 giant club.
You die...

#######.#
#.....O.. #.# #.#p
#.# #.#.. #.#
#..#. ##.# ##....
#O.# ###...## #@##
....#.. #.# #.....
#.# #....# #.#
#<.... #.# #.....
#.# #..... #.#
#..... #.#####
#####.
#.....###########.


You could see an ogre.

Vanquished Creatures
  A hound (D:4)
  A centaur skeleton (D:4)
  Natasha (D:2)
  An iguana (D:4)
  5 adders
  2 worms (D:2)
  A dart slug (D:2)
  A leopard gecko (D:1)
  An orc (D:3)
  10 bats
  5 giant cockroaches
  8 goblins
  7 hobgoblins
  2 jackals (D:4)
  2 ball pythons
  5 frilled lizards
  6 kobolds
  8 rats
67 creatures vanquished.

Notes
Turn   | Place    | Note
-------+----------+-------------------------------------------
     0 | D:1      | kae the Draconian Air Elementalist began the quest for the
                  | Orb.
     0 | D:1      | Reached XP level 1. HP: 14/14 MP: 3/3
   489 | D:1      | Reached XP level 2. HP: 19/20 MP: 5/5
  1286 | D:1      | Learned a level 2 spell: Swiftness
  1592 | D:2      | Reached XP level 3. HP: 11/26 MP: 1/6
  2632 | D:2      | Noticed Natasha
  2637 | D:2      | Reached skill level 4 in Air Magic
  2640 | D:2      | Killed Natasha
  2640 | D:2      | Reached XP level 4. HP: 29/33 MP: 0/7
  3280 | D:3      | Found a faded altar of an unknown god.
  3675 | D:3      | Found a runed translucent gate.
  3676 | D:3      | Found a runed translucent gate.
  3676 | D:3      | Found a runed translucent gate.
  3677 | D:3      | Noticed whitenoisemaker's ghost (weakling DrTm)
  4172 | D:4      | Found a staircase to the Ecumenical Temple.
  4173 | D:4      | Noticed a slave
  4236 | D:4      | Found a runed translucent gate.
  4236 | D:4      | Found a runed translucent gate.
  4236 | D:4      | Found a runed translucent gate.
  4236 | D:4      | Noticed Tux's ghost (novice GnWn)
  4247 | D:4      | Reached XP level 5. HP: 16/38 MP: 4/9
  4474 | D:4      | Noticed an ogre
  4480 | D:4      | Learned a level 3 spell: Static Discharge
  4485 | D:4      | Learned a level 4 spell: Airstrike
  4553 | D:4      | Found Feizozac's Antique Armour Boutique.
  4641 | D:4      | Reached skill level 5 in Air Magic
  4876 | D:4      | Noticed an ogre
  4890 | D:4      | Slain by an ogre

Levels and vault maps discovered:
D:1:      dpeg_arrival_stone_temple_mockup, layout_basic, minmay_statues_item
D:2:      layout_loops_corners, uniq_natasha
D:3:      layout_loops_ring, gammafunk_ghost_split,
          chequers_ecumenical_altar_simple_redux
D:4:      layout_loops_ring, grunt_temple_overflow_magic_moments,
          minmay_temple_entry_mini_moons, ebering_ghost_rock_garden,
          serial_shops, kennysheep_little_box, uniq_pikel

Skill      XL: |  1  2  3  4  5 |
---------------+----------------+-----
Air Magic      | 4 5 |  5.1
Conjurations   | 2 |  2.8
Spellcasting   | 3 |  3.2
Dodging        | |  1.7
Stealth        | |  1.7

Action                   |  1- 3 |  4- 6 || total
-------------------------+-------+-------++-------
Melee: Unarmed           |   122 |    37 ||   159
       Tailslap          |    11 |     9 ||    20
       Falchion          |       |    23 ||    23
 Cast: Shock             |    59 |    68 ||   127
 Stab: Sleeping          |     2 |     3 ||     5
  Eat: Ration            |     1 |       ||     1
       Chunk             |     3 |     6 ||     9
Armor: Skin              |    58 |    23 ||    81
Dodge: Dodged            |   102 |    58 ||   160
       Rpst.: Falchion   |       |     9 ||     9

Table legend:
 A = Non-vault XP
 B = Vault XP
 C = Vault XP percentage of total XP
 D = Non-vault monster count
 E = Vault monster count
 F = Vault count percentage of total count
                 A         B        C        D         E       F
            +---------+---------+-------+---------+---------+-------
      Total |     288 |      36 |  11.1 |      66 |       1 |   1.5
            +---------+---------+-------+---------+---------+-------
        D:1 |      23 |       0 |   0.0 |      16 |       0 |   0.0
        D:2 |      71 |      36 |  33.6 |      26 |       1 |   3.7
        D:3 |      56 |       0 |   0.0 |      18 |       0 |   0.0
        D:4 |     138 |       0 |   0.0 |       6 |       0 |   0.0
            +---------+---------+-------+---------+---------+-------
